 Dungeon Crawl Stone Soup version 0.30-a0-702-gdf48620a09 (webtiles) character file.

Game seed: 9995392901284972681

101 royokou the Slasher (level 4, -4/33 HPs)
             Began as a Merfolk Gladiator on Jan 21, 2023.
             Slain by a gnoll
             ... wielding a +0 whip
              (7 damage)
             ... on level 4 of the Dungeon.
             The game lasted 00:05:54 (2690 turns).

royokou the Slasher (Merfolk Gladiator)             Turns: 2690, Time: 00:05:54

Health: -4/33      AC: 12    Str: 14    XL:     4   Next: 75%
Magic:  4/4        EV:  7    Int:  7    God:
Gold:   313        SH:  0    Dex: 17    Spells: 3/3 levels left

rFire   . . .      SeeInvis .    a - +0 long sword
rCold   . . .      Faith    .    (no shield)
rNeg    . . .      Spirit   .    p - +0 chain mail
rPois   +          Reflect  .    c - +0 helmet
rElec   .          Harm     .    (no cloak)
rCorr   .          Rampage  .    z - +0 pair of gloves
Will    +....                    j - +1 pair of boots Stlth
                                 r - amulet of magic regeneration
HPRegen 0.25/turn                l - ring of poison resistance
MPRegen 0.49/turn                o - ring of willpower

@: no status effects
A: (nimble swimmer 2), mertail
a: no special abilities


You were on level 4 of the Dungeon.
You visited 1 branch of the dungeon, and saw 4 of its levels.

You collected 313 gold pieces.

Inventory:

Hand Weapons
 a - a +0 long sword (weapon)
 y - a +0 falchion
Missiles
 d - 3 throwing nets (quivered)
 e - a javelin
 B - 3 poisoned darts
Armour
 b - a +0 leather armour
 c - a +0 helmet (worn)
 j - a +1 pair of boots (worn)
 p - a +0 chain mail (worn)
 z - a +0 pair of gloves (worn)
Jewellery
 l - a ring of poison resistance (left hand)
 n - a ring of magical power
 o - a ring of willpower (right hand)
 r - an amulet of magic regeneration (around neck)
Scrolls
 h - 2 scrolls of vulnerability {unknown}
 i - 2 scrolls of identify {unknown}
 k - 2 scrolls of immolation {unknown}
 q - 3 scrolls of poison {unknown}
 s - 4 scrolls of amnesia {unknown}
 v - a scroll of teleportation {unknown}
 w - a scroll of enchant armour {unknown}
 A - a scroll of magic mapping {unknown}
Potions
 f - 4 potions of curing {unknown}
 g - a potion of heal wounds {unknown}
 m - 2 potions of invisibility {unknown}
 t - a potion of brilliance {unknown}
 u - 2 potions of lignification {unknown}
 x - a potion of flight {unknown}


   Skills:
 - Level 2.1 Fighting
 + Level 6.4 Long Blades
 - Level 2.0 Throwing
 - Level 4.0 Dodging


You had 3 spell levels left.
You didn't know any spells.
Your spell library contained the following spells:

 Spells                   Type           Power      Damage    Failure   Level
 Portal Projectile        Hex/Tloc       0%         N/A       100%        3
 Tukima's Dance           Hex            0%         N/A       100%        3
 Blade Hands              Tmut           0%         N/A       100%        5


Dungeon Overview and Level Annotations

Branches:
Dungeon (4/15)
 Temple: D:4-7

Altars:
Okawaru
Qazlal
The Shining One

Annotations:
D:3 1 runed translucent door, Shayle's ghost, amateur DsRe
D:4 1 runed translucent door, exclusion: black bear, Crazy Yiuf; Dowan; Duvessa


Innate Abilities, Weirdness & Mutations

((You are very nimble when in or above water. (Stealth+, EV+, Speed+++)))
Your lower body shifts to a powerful aquatic tail in water.


Message History

You hit the gnoll but do no damage.
The gnoll is heavily wounded.
The gnoll hits you but does no damage.
You closely miss the gnoll.
The gnoll is heavily wounded.
The gnoll hits you but does no damage.
You barely miss the gnoll.
The gnoll is heavily wounded.
The gnoll barely misses you. The gnoll hits you with a +0 club.
You slash the gnoll!
You kill the gnoll!
The gnoll hits you but does no damage.
The gnoll hits you from afar with a +0 halberd.
The gnoll hits you with a +0 halberd. The gnoll closely misses you.
There is a stone staircase leading up here.
You barely miss the gnoll. The gnoll closely misses you.
The gnoll hits you but does no damage.
You closely miss the gnoll. The gnoll hits you but does no damage.
The gnoll hits you with a +0 whip. The gnoll hits you with a +0 halberd.
The gnoll barely misses you.
You hit the gnoll but do no damage. The gnoll closely misses you.
The gnoll hits you with a +0 whip.
You hit the gnoll.
The gnoll is moderately wounded.
The gnoll hits you with a +0 halberd!
* * * LOW HITPOINT WARNING * * *
The gnoll hits you but does no damage.
You hit the gnoll.
The gnoll is severely wounded.
The gnoll hits you with a +0 halberd.
* * * LOW HITPOINT WARNING * * *
The gnoll hits you but does no damage.
You slash the gnoll!
You kill the gnoll!
The gnoll hits you with a +0 whip.
* * * LOW HITPOINT WARNING * * *
You hit the gnoll.
The gnoll is moderately wounded.
The gnoll hits you with a +0 whip!
You die...

..... #........##..†##........#
..#.......##..##...[#.......##
##.#.....####..............#.#
#.....#..###..............####
... ##..###..#....#.....#..## .
#.##.......##....#.........#
...#......#...........#...#.###
..........####.##g....#.)..##
...#.#.........)@.###..#.#.# #
#.#..........#.##...._..#
..#.........##......#.###
...###....####..#..#...# ..#.
##..## #..##.##### ...## ♣....♣
####### ..# ♣..♣♣♣ ♣♣.♣ ♣.♣♣


You could see a gnoll.

Vanquished Creatures
  3 gnolls
  An adder (D:3)
  A worm (D:2)
  3 dart slugs
  2 endoplasms
  A giant cockroach (D:2)
  5 goblins
  4 hobgoblins
  7 jackals (D:2)
  2 quokkas
  7 ball pythons
  4 bats
  A frilled lizard (D:2)
  6 kobolds
  6 rats
53 creatures vanquished.

Vanquished Creatures (others)
  3 fungi (D:2)
  7 plants (D:2)
10 creatures vanquished.

Grand Total: 63 creatures vanquished

Notes
Turn   | Place    | Note
-------+----------+-------------------------------------------
     0 | D:1      | royokou the Merfolk Gladiator began the quest for the Orb.
     0 | D:1      | Reached XP level 1. HP: 16/16 MP: 1/1
   109 | D:1      | Reached skill level 4 in Long Blades
   161 | D:1      | Reached XP level 2. HP: 22/22 MP: 2/2
   198 | D:1      | You fall into a shaft and drop 1 floor!
   929 | D:2      | Reached skill level 5 in Long Blades
   929 | D:2      | Reached XP level 3. HP: 26/27 MP: 3/3
  1315 | D:2      | Found a faded altar of an unknown god.
  1824 | D:3      | Found an iron altar of Okawaru.
  1941 | D:3      | Reached XP level 4. HP: 33/33 MP: 4/4
  2031 | D:3      | Found a runed translucent door.
  2031 | D:3      | Noticed Shayle's ghost (amateur DsRe)
  2264 | D:3      | Found a stormy altar of Qazlal.
  2330 | D:4      | Noticed a black bear
  2353 | D:4      | Found a glowing golden altar of the Shining One.
  2432 | D:4      | Reached skill level 6 in Long Blades
  2439 | D:4      | Noticed Duvessa
  2439 | D:4      | Noticed Dowan
  2482 | D:4      | Found a runed translucent door.
  2483 | D:4      | Noticed Crazy Yiuf
  2690 | D:4      | Slain by a gnoll

Illustrated notes

Levels and vault maps discovered:
D:1:      tarquinn_simple_flora_water_c, layout_basic, minmay_misc_feat_plants
D:2:      layout_loops_corners, shapermc_ecumenical_altar_hornbeckon
D:3:      layout_loops_ring, amcnicky_altar_gilded,
          mainiacjoe_overflow_alcove_4, gammafunk_ghost_grave,
          dk_noncrumbling_3, solitary_fountain
D:4:      layout_cave_pools, dk_yredelemnul_ordeal, lemuel_crystal_altar,
          nicolae_titane, uniq_duvessa, uniq_crazy_yiuf_cottage

Skill      XL: |  1  2  3  4 |
---------------+-------------+-----
Long Blades    | 4 5 6 |  6.4
Fighting       | |  2.1
Throwing       | |  2.0
Dodging        | |  4.0

Action                   |  1- 3 |  4- 6 || total
-------------------------+-------+-------++-------
Melee: Long sword        |   103 |    44 ||   147
       Punch             |     2 |       ||     2
 Stab: Sleeping          |     1 |       ||     1
Armor: Leather armour    |    14 |       ||    14
       Chain mail        |    53 |    26 ||    79
Dodge: Dodged            |    57 |    20 ||    77

Table legend: (Time is in decaauts)
 A = Elapsed time spent in this place.
 B = Non-inter-level travel time spent in this place.
 C = Inter-level travel time spent in this place.
 D = Time resting spent in this place.
 E = Time spent auto-exploring this place.
 F = Levels seen in this place.
 G = Mean time per level.
                   A        B        C        D        E       F      G
               +--------+--------+--------+--------+--------+-----+--------+
         Total |   2698 |   2468 |    230 |     92 |   1768 |   4 |  674.5 |
       Dungeon |   2698 |   2468 |    230 |     92 |   1768 |   4 |  674.5 |
               +--------+--------+--------+--------+--------+-----+--------+

Top non-repeatable levels by time:
     D:3: 949 daAuts
     D:2: 917 daAuts
     D:1: 649 daAuts
     D:4: 182 daAuts
